 Dungeon Crawl Stone Soup version 0.28.0 (webtiles) character file.

Game seed: 1774449548229477747

150 browni3141 the Skirmisher (level 5, -11/70 HPs)
             Began as a Minotaur Berserker on Feb 15, 2022.
             Was a Believer of Trog.
             Mangled by a gnoll (12 damage)
             ... on level 4 of the Dungeon.
             The game lasted 00:01:36 (3075 turns).

browni3141 the Skirmisher (Minotaur Berserker)      Turns: 3075, Time: 00:01:37

Health: -11/70     AC:  3    Str: 24    XL:     5   Next: 10%
Magic:  4/4        EV:  8    Int:  4    God:    Trog [**....]
Gold:   142        SH:  9    Dex:  9    Spells: 4/4 levels left

rFire   . . .      SeeInvis .   a - +0 hand axe
rCold   . . .      Faith    .   i - +0 tower shield
rNeg    . . .      Spirit   .   b - +0 animal skin
rPois   .          Reflect  .   (helmet restricted)
rElec   .          Harm     .   h - +0 cloak
rCorr   .          Rampage  .   (no gloves)
Will    .....                   (no boots)
Stlth   ..........              (no amulet)
HPRegen 0.21/turn               (no ring)
MPRegen 0.09/turn               (no ring)

@: berserking, very quick
A: horns 2, retaliatory headbutt
a: Renounce Religion, Berserk, Trog's Hand


You were on level 4 of the Dungeon.
You worshipped Trog.
Trog was pleased with you.
You visited 1 branch of the dungeon, and saw 4 of its levels.

You collected 142 gold pieces.

Inventory:

Hand Weapons
 a - a +0 hand axe (weapon)
Armour
 b - a +0 animal skin (worn)
 h - a +0 cloak (worn)
 i - a +0 tower shield (worn)
Scrolls
 g - 7 scrolls of identify {unknown}
Potions
 c - 2 potions of degeneration {unknown}
 d - a potion of might {unknown}
 e - a potion of brilliance {unknown}
 f - a potion of curing {unknown}


   Skills:
 + Level 4.6 Fighting
 * Level 4.6 Axes
 + Level 3.8 Armour
 - Level 3.3 Dodging
 * Level 0.7 Shields


You had 4 spell levels left.
You didn't know any spells.
Your spell library was empty.

Dungeon Overview and Level Annotations

Branches:
Dungeon (4/15)
 Temple: D:4-7

Altars:
Ru


Innate Abilities, Weirdness & Mutations

You have a pair of horns on your head.
You reflexively headbutt those who attack you in melee.


Message History

You kill the gnoll!
Trog accepts your kill.
No target in view!
Things that are here:
a +0 spear; a gnoll corpse No target in view!
A gnoll comes into view. It is wielding a +0 club.
A gnoll is nearby!
A gnoll is nearby!
A gnoll is nearby!
You block the gnoll's attack.
You barely miss the gnoll. Your headbutt misses the gnoll.
The gnoll closely misses you.
You slash the gnoll!
The gnoll is heavily wounded.
You block the gnoll's attack. The gnoll hits you with a +0 club.
You hit the gnoll but do no damage. Your headbutt misses the gnoll.
The gnoll is heavily wounded.
A gnoll comes into view. It is wielding a +0 flail.
The gnoll hits you with a +0 club.
You closely miss the gnoll.
The gnoll shouts!
You headbutt the gnoll.
The gnoll is severely wounded.
The gnoll hits you with a +0 club.
* * * LOW HITPOINT WARNING * * *
The gnoll hits you but does no damage.
You are too injured to fight recklessly!
You hit the gnoll.
The gnoll is severely wounded.
You closely miss the gnoll. The gnoll hits you with a +0 flail.
* * * LOW HITPOINT WARNING * * *
The gnoll hits you with a +0 club.
* * * LOW HITPOINT WARNING * * *
There are monsters nearby!
Unknown command.
A red film seems to cover your vision as you go berserk!
You feel yourself moving faster!
You feel mighty! You block the gnoll's attack.
The gnoll hits you with a +0 flail!
You die...

##### ##...##
#########.###.#
#.).......# #.#
#.#######.###.##.#
#. ##..)....# #.
##.)##### #.
##.....# #.
#.@g...# #.
#g###..# #. #.
..... #. ..### #.
.## ## ##


You could see 2 gnolls.

Vanquished Creatures
  6 gnolls
  2 adders
  4 dart slugs
  An orc (D:3)
  An endoplasm (D:2)
  4 giant cockroaches
  13 goblins
  3 hobgoblins
  3 jackals (D:2)
  A quokka (D:1)
  4 ball pythons
  7 bats
  5 frilled lizards
  5 kobolds
  9 rats
68 creatures vanquished.

Notes
Turn   | Place    | Note
-------+----------+-------------------------------------------
     0 | D:1      | browni3141 the Minotaur Berserker began the quest for the
                  | Orb.
     0 | D:1      | Reached XP level 1. HP: 19/19 MP: 0/0
   196 | D:1      | Reached XP level 2. HP: 19/27 MP: 1/1
  1037 | D:1      | Found a faded altar of an unknown god.
  1222 | D:2      | Reached XP level 3. HP: 33/33 MP: 2/2
  1269 | D:2      | Reached ** piety under Trog
  1385 | D:2      | Found a sacrificial altar of Ru.
  2225 | D:3      | Reached XP level 4. HP: 34/41 MP: 3/3
  3059 | D:4      | Reached XP level 5. HP: 25/47 MP: 4/4
  3074 | D:4      | HP: 1/47 [gnoll (5)]
  3075 | D:4      | Mangled by a gnoll

Illustrated notes

Levels and vault maps discovered:
D:1:      saegor_arrival_simple_c, layout_basic, ebering_ecumenical_altar_hall
D:2:      layout_basic, basic_altar, dk_noncrumbling_2
D:3:      layout_loops_ring
D:4:      lemuel_castle_with_subvaults [lemuel_castle_interior_original],
          layout_loops_ring, uniq_natasha

Skill      XL: |  1  2  3 |
---------------+----------+-----
Axes           | 4 |  4.6
Fighting       | 4 |  4.6
Armour         | 3 |  3.8
Dodging        | 3 |  3.3
Shields        | |  0.7

Action                   |  1- 3 |  4- 6 || total
-------------------------+-------+-------++-------
Melee: Hand axe          |   100 |    45 ||   145
       Headbutt          |     8 |    10 ||    18
       Punch             |     1 |       ||     1
Invok: Berserk           |       |     2 ||     2
  Use: Scroll            |     2 |       ||     2
 Stab: Sleeping          |     3 |       ||     3
Armor: Animal skin       |    16 |    10 ||    26
Dodge: Dodged            |    71 |    31 ||   102
Block: Tower shield      |       |    10 ||    10
